 Dungeon Crawl Stone Soup version 0.28-a0-194-g42b4daccc1 (webtiles) character file.

Game seed: 14681496274088927153

11 Nattfarinn the Grave Robber (level 2, 0/22 HPs)
             Began as a Deep Dwarf Necromancer on Aug 18, 2021.
             Killed from afar by a dart slug (3 damage)
             ... with a slug dart
             ... on level 1 of the Dungeon.
             The game lasted 00:00:53 (331 turns).

Nattfarinn the Grave Robber (Deep Dwarf Necromancer) Turns: 331, Time: 00:00:55

Health: 0/22       AC:  2    Str: 11    XL:     2   Next: 17%
Magic:  4/5        EV: 12    Int: 15    God:
Gold:   22         SH:  0    Dex: 19    Spells: 4/5 levels left

rFire   . . .      SeeInvis .   (no weapon)
rCold   . . .      Faith    .   (no shield)
rNeg    . . .      Spirit   .   a - +0 robe
rPois   .          Reflect  .   (no helmet)
rElec   .          Harm     .   (no cloak)
rCorr   .          Rampage  .   (no gloves)
Will    .....                   (no boots)
Stlth   ++........              (no amulet)
HPRegen 0.00/turn               b - +6 ring of dexterity
MPRegen 0.09/turn               (no ring)

@: no status effects
A: damage resistance, heal wounds, sense surroundings 1, no regeneration
a: Heal Wounds


You were on level 1 of the Dungeon.
You visited 1 branch of the dungeon, and saw 1 of its levels.

You collected 22 gold pieces.

Inventory:

Armour
 a - a +0 robe (worn)
Jewellery
 b - a +6 ring of dexterity (left hand)


   Skills:
 - Level 2.1 Dodging
 - Level 2.4 Stealth
 + Level 2.0 Spellcasting
 * Level 4.8 Necromancy


You had 4 spell levels left.
You knew the following spells:

 Your Spells              Type           Power      Damage    Failure   Level
a - Pain                  Necr           64%        1d7       3%          1

Your spell library contained the following spells:

 Spells                   Type           Power      Damage    Failure   Level
 Animate Skeleton         Necr           32%        N/A       3%          1
 Vampiric Draining        Necr           8%         2d7       9%          3
 Animate Dead             Necr           8%         N/A       30%         4
 Agony                    Necr           16%        N/A       63%         5


Dungeon Overview and Level Annotations

Branches:
Dungeon (1/15)

Altars:


Innate Abilities, Weirdness & Mutations

You are resistant to damage.
You can heal yourself by infusing magical energy.
You passively map a small area around you.
You do not regenerate.


Message History

The jackal is heavily wounded.
The jackal barely misses you.
You hit the jackal.
The jackal is almost dead.
The jackal barely misses you.
Casting: Pain (safe; 3% risk of failure)
Confirm with . or Enter, or press ? or * to list all spells.
Aiming: Pain (safe; 3% risk of failure)
Press: ? - help, Shift-Dir - straight line, f/p - jackal
Aim: a jackal (almost dead, chance to affect: 85%)
The jackal barely resists.
The jackal bites you. The jackal barely misses you.
You hit the jackal.
You kill the jackal!
You hit the ball python.
The ball python is heavily wounded.
The ball python barely misses you. The ball python grabs you.
The ball python constricts you. The ball python barely misses you.
The ball python constricts you.
You hit the ball python.
You kill the ball python!
You see here a jackal corpse.
You start resting.
Magic restored.
Found 14 stones.
A dart slug is nearby!
You are too injured to fight recklessly!
You are too injured to fight recklessly!
You start waiting.
A dart slug is nearby!
You are too injured to fight recklessly!
You are too injured to fight recklessly!
Casting: Pain (safe; 3% risk of failure)
Confirm with . or Enter, or press ? or * to list all spells.
Aiming: Pain (safe; 3% risk of failure)
Press: ? - help, Shift-Dir - straight line, f - dart slug
Aim: a dart slug (chance to affect: 87%)
The dart slug writhes in agony.
The dart slug launches a dart at you. The slug dart hits you.
You die...

#.# #..## #.# #.##
#.# #.# #.# #.# #†#
#.# #.## .# ,
##########..##.###(.
,
...........#.......#
,
###.###.....@..###..
* #.###.#### ,
#.##...#* * *
#.#.....#*
#....w.... , ,
###.....##.* *
##...## * ##. * ,


You could see a dart slug.

Vanquished Creatures
  A ball python (D:1)
  A hobgoblin (D:1)
  2 jackals (D:1)
  A quokka (D:1)
  A frilled lizard (D:1)
  2 kobolds (D:1)
  3 rats (D:1)
11 creatures vanquished.

Notes
Turn   | Place    | Note
-------+----------+-------------------------------------------
     0 | D:1      | Nattfarinn the Deep Dwarf Necromancer began the quest for
                  | the Orb.
     0 | D:1      | Reached XP level 1. HP: 15/15 MP: 3/3
   260 | D:1      | Reached XP level 2. HP: 5/22 MP: 1/5
   331 | D:1      | Killed from afar by a dart slug

Illustrated notes

Levels and vault maps discovered:
D:1:      onia_arrival_handbag, layout_loops_ring, chequers_jeans,
          dk_noncrumbling_4, minmay_tetromino_s2

Skill      XL: |  1 |
---------------+----+-----
Spellcasting   | 2 |  2.0
Dodging        | |  2.1
Stealth        | |  2.4
Necromancy     | |  4.8

Action                   || total
-------------------------++-------
Melee: Unarmed           ||    40
 Cast: Pain              ||    17
Armor: Robe              ||    11
Dodge: Dodged            ||    41

Table legend: (Time is in decaauts)
 A = Elapsed time spent in this place.
 B = Non-inter-level travel time spent in this place.
 C = Inter-level travel time spent in this place.
 D = Time resting spent in this place.
 E = Time spent auto-exploring this place.
 F = Levels seen in this place.
 G = Mean time per level.
                   A        B        C        D        E       F      G
               +--------+--------+--------+--------+--------+-----+--------+
         Total |    330 |    330 |      0 |     49 |    185 |   1 |  330.0 |
       Dungeon |    330 |    330 |      0 |     49 |    185 |   1 |  330.0 |
               +--------+--------+--------+--------+--------+-----+--------+

Top non-repeatable levels by time:
     D:1: 330 daAuts
